 Dungeon Crawl Stone Soup version 0.22-a0-373-gab1296c (webtiles) character file.

7 4thArraOfDagon the Sneak (level 1, 0/9 HPs)
             Began as a Spriggan Fire Elementalist on Apr 25, 2018.
             Slain by a leopard gecko (3 damage)
             ... on level 1 of the Dungeon.
             The game lasted 00:01:02 (165 turns).

4thArraOfDagon the Sneak (SpFE)                      Turns: 165, Time: 00:01:03

Health: 0/9        AC:  2    Str:  4    XL:     1   Next: 83%
Magic:  1/5        EV: 18    Int: 16    God:
Gold:   23         SH:  0    Dex: 16    Spells: 4/5 levels left

rFire    . . .     SeeInvis +   (weapon restricted)
rCold    . . .     Gourm    .   (shield restricted)
rNeg     . . .     Faith    .   a - +0 robe
rPois    .         Spirit   .   (helmet restricted)
rElec    .         Reflect  .   (no cloak)
rCorr    .         Harm     .   (gloves unavailable)
MR       .....                  (boots unavailable)
Stlth    ++........             (no amulet)
HPRegen  0.03/turn              (no ring)
MPRegen  0.09/turn              (no ring)

@: very quick
A: very small, unfitting armour, see invisible, herbivore, speed 3, slow
metabolism 2
a: no special abilities


You were on level 1 of the Dungeon.
You were not hungry.

You visited 1 branch of the dungeon, and saw 1 of its levels.

You collected 23 gold pieces.

Inventory:

Armour
 a - a +0 robe (worn)
Scrolls
 b - a scroll of remove curse {unknown}
Comestibles
 c - a ration


   Skills:
 - Level 3.0 Dodging
 - Level 3.0 Stealth
 + Level 2.8 Spellcasting
 * Level 1.0 Conjurations
 * Level 2.6 Fire Magic


You had 4 spell levels left.
You knew the following spells:

 Your Spells              Type           Power        Failure   Level  Hunger
a - Flame Tongue          Conj/Fire      #....        9%          1    #......


Dungeon Overview and Level Annotations

Branches:
Dungeon (1/15)

Altars:


Innate Abilities, Weirdness & Mutations

You are very small and have problems with some larger weapons.
You are too small for most types of armour.
You have supernaturally acute eyesight. (SInv)
You are a herbivore.
You cover ground extremely quickly.
You need to consume almost no food.


Message History

Confirm with . or Enter, or press ? or * to list all spells.
Aiming: Flame Tongue (safe; 9% risk of failure)
Press: ? - help, Shift-Dir - straight line, f - leopard gecko
Aim: a leopard gecko (clinging)
The flame tongue hits the leopard gecko.
The leopard gecko is heavily wounded.
The leopard gecko misses you.
Unknown command.
Casting: Flame Tongue (safe; 9% risk of failure)
Confirm with . or Enter, or press ? or * to list all spells.
Aiming: Flame Tongue (safe; 9% risk of failure)
Press: ? - help, Shift-Dir - straight line, f/p - leopard gecko
Aim: a leopard gecko (heavily wounded, clinging)
The flame tongue misses the leopard gecko.
Unknown command.
Found 12 gold pieces.
You see here 12 gold pieces.
You now have 23 gold pieces (gained 12).
The leopard gecko bites you.
You die...

..###.#......#.
......#......+.
..#####......#.###
............##...#
#.###.##.....##..#
#.# #.#.......#..#
#.# #............#
#.# ###....>..##l#
#.# ##.....###@#
#.# #.........#
#.# ##.#.######
..# ##.## ###


You could see a leopard gecko.

Vanquished Creatures
  4 goblins (D:1)
  A frilled lizard (D:1)
  A kobold (D:1)
  A rat (D:1)
7 creatures vanquished.

Notes
Turn   | Place    | Note
-------+----------+-------------------------------------------
     0 | D:1      | 4thArraOfDagon the Spriggan Fire Elementalist began the quest for the Orb.
     0 | D:1      | Reached XP level 1. HP: 9/9 MP: 5/5
   125 | D:1      | Reached skill level 1 in Conjurations
   165 | D:1      | Slain by a leopard gecko

Vault maps used:
D:1:      dpeg_arrival_renting, minmay_split_cup_large

Skill      XL: |  1 |
---------------+----+-----
Conjurations   | 1 |  1.0
Dodging        | |  3.0
Stealth        | |  3.0
Spellcasting   | |  2.8
Fire Magic     | |  2.6

Action                   || total
-------------------------++-------
Melee: Unarmed           ||     8
 Cast: Flame Tongue      ||     9
Dodge: Dodged            ||     6

Table legend:
 A = Spawn XP
 B = Non-spawn XP
 C = Spawn XP percentage of total XP
 D = Spawn monster count
 E = Non-spawn monster count
 F = Spawn count percentage of total count
 G = Total turns spent on level
                    A         B        C        D         E        F      G
               +---------+---------+-------+---------+---------+-------+---------
         Total |       0 |      10 |   0.0 |       0 |       7 |   0.0 |   165
               +---------+---------+-------+---------+---------+-------+---------
           D:1 |       0 |      10 |   0.0 |       0 |       7 |   0.0 |   165
               +---------+---------+-------+---------+---------+-------+---------
